Cogmind - Beta 15 @@@ ROGUE MODE // 2025.06.26 @ 22:46:42 Player: Razrazz Result: Destroyed by as-18791 with Assembled Blade Performance ------------- Evolutions (0) 0 Regions Visited (2) 400 Robots Destroyed (26) 130 Value Destroyed (485) 485 Prototype IDs (2) 40 Alien Tech Used (0) 0 Bonus (0) 0 TOTAL SCORE: 1055 Bonus ------- None Cogmind --------- Core Integrity 0/250 Matter 260/300 Energy 100/100 System Corruption 0% Temperature Cool (0) Movement Rolling (95) Ox1 Location -10/Mines Parts ------- > --- POWER (1) -------- (None) > --- PROPULSION (2) --- Wheel > --- UTILITY (2) ------ Small Storage Unit Seismic Detector > --- WEAPON (2) ------- Slug Cannon Hammer > --- INVENTORY (8) ---- Light Ion Engine Wheel Flight Unit Medium Matter Pod (68) Targeting Computer Medium Laser Medium Laser Grenade Launcher Peak State ------------ > --- POWER ------------ Ion Engine > --- PROPULSION ------- Wheel > --- UTILITY ---------- Small Storage Unit Seismic Detector > --- WEAPON ----------- Medium Laser Slug Cannon > --- INVENTORY -------- Flight Unit Medium Matter Pod Targeting Computer Medium Laser Grenade Launcher Hammer [Rating: 9] Favorites ----------- Power Light Ion Engine Engine Light Ion Engine Propulsion Light Treads Treads Light Treads Wheel Wheel Utility Small Storage Unit Device Seismic Detector Storage Small Storage Unit Weapon Medium Laser Energy Gun Medium Laser Ballistic Cannon Slug Cannon Launcher Grenade Launcher Impact Weapon Hammer Build | -11 -10 -10 ------- Run | Yrd Mat Min Slots Evolved . | . . . Power . | . . . Propulsion . | . . . Utility . | . . . Weapon . | . . . Parts Attached 16 | 7 3 6 Power 4 | 1 1 2 Engine 4 | 1 1 2 Core . | . . . Reactor . | . . . Propulsion 3 | 2 . 1 Treads 2 | 2 . . Leg . | . . . Wheel 1 | . . 1 Hover . | . . . Flight . | . . . Utility 4 | 2 1 1 Device 2 | 1 . 1 Storage 2 | 1 1 . Processor . | . . . Hackware . | . . . Protection . | . . . Artifact . | . . . Weapon 5 | 2 1 2 Energy Gun 2 | 2 . . Energy Cannon . | . . . Ballistic Gun . | . . . Ballistic Cannon 1 | . . 1 Launcher 1 | . 1 . Special Weapon . | . . . Impact Weapon 1 | . . 1 Slashing Weapon . | . . . Piercing Weapon . | . . . Special Melee Weapon . | . . . Unidentified Prototypes . | . . . Parts Lost 6 | . 1 5 Power 3 | . 1 2 Propulsion 2 | . . 2 Utility 1 | . . 1 Weapon . | . . . Highest Loss Streak 4 | . 1 4 To Critical Strikes . | . . . Average Backups 6 | 2 7 7 Power . | . . . Propulsion 2 | 1 2 1 Utility 2 | . 2 2 Weapon 1 | . 1 2 Tool/Special . | . . . Unused Backups 9 | . 4 5 Power 1 | . . 1 Propulsion 4 | . 2 2 Utility 4 | . 2 2 Weapon . | . . . Tool/Special . | . . . Average Slot Usage (%) 94 | . 99 83 Engine 13 | . 13 12 Treads 19 | . 28 1 Wheel 3 | . . 12 Device 13 | . 14 13 Storage 14 | . 14 14 Energy Gun 19 | . 25 7 Ballistic Cannon 3 | . . 10 Launcher 4 | . 2 9 Peak Build Rating 9 | 7 7 9 Average Rating 7 | 5 6 8 On Entrance 4 | . 7 7 Naked Turns . | . . . Heaviest Build 21 | 13 14 21 Greatest Support 40 | 40 40 10 Greatest Overweight (x) 2 | . . 2 Average Overweight (x) . | . . 1 Largest Inventory Capacity 25 | 8 25 8 Average Capacity 8 | 7 8 8 Most Carried 8 | 4 8 8 Average Carried 6 | 2 7 7 Final Capacity 8 | 8 8 8 Final Carried 8 | 4 8 8 Class Distribution -------------------- 100% | Mutant Dominant Class ---------------- Mutant | -10/Materials Mutant | -10/Mines Resources | -11 -10 -10 ----------- Run | Yrd Mat Min Matter Collected 588 | 264 205 119 Remotely . | . . . Salvage Created 515 | 122 315 78 Parts 46 | 11 28 7 Haulers Intercepted . | . . . Recyclers Shooed . | . . . Parts Field Recycled . | . . . Retrieved Matter . | . . . Parts Self-Destructed . | . . . Prevented . | . . . Kills | -11 -10 -10 ------- Run | Yrd Mat Min Combat Hostiles Destroyed 17 | . 11 6 Melee 1 | . . 1 Guns 7 | . 6 1 AOE 9 | . 5 4 Classes Destroyed 9 | 2 5 2 Worker 1 | . . 1 Builder 1 | . 1 . Tunneler 3 | 3 . . Recycler 1 | 1 . . Operator 1 | . 1 . Watcher 3 | . 3 . Swarmer 8 | . 5 3 Grunt 8 | . 6 2 Assembled 1 | . . 1 Best Kill Streak 9 | 4 9 3 Combat Bots Only 3 | . 3 3 Max Kills in Single Turn 4 | 1 4 2 Gunslinging . | . . . Exploded 3 | . 3 2 Melee 1 | . . 1 Uniques/NPCs Destroyed . | . . . Combat | -11 -10 -10 -------- Run | Yrd Mat Min Hostile Shots Fired 121 | . 67 54 Missed 36 | . 18 18 Hits 85 | . 49 36 Melee 4 | . . 4 Projectile 81 | . 49 32 Damage Taken 1065 | . 536 529 Core 275 | . 123 152 Absorbed by Shields . | . . . Core Remaining (%) 100 | 100 . . Volleys Fired 53 | 5 35 13 Largest 2 | 2 2 2 Hottest 100 | 100 100 100 Shots Fired 102 | 10 66 26 Gun 84 | 10 59 15 Cannon 6 | . . 6 Launcher 12 | . 7 5 Special . | . . . Kinetic 6 | . . 6 Thermal 84 | 10 59 15 Explosive 12 | . 7 5 Electromagnetic . | . . . Robot Hit Streak 13 | 5 13 3 Robot Miss Streak 6 | 2 6 3 Penetration Max . | . . . Secondary Targets 1 | . 1 . Max Gunslinging Chain 1 | . 1 . Shots Hit Robots 56 | 6 35 15 Core Hits 39 | 5 25 9 Critical Kills . | . . . Critical Parts Destroyed . | . . . Critical Strikes 3 | . 3 . Burn 3 | . 3 . Melee Attacks 5 | . . 5 Impact 5 | . . 5 Slashing . | . . . Piercing . | . . . Sneak Attacks . | . . . Combat Hostiles . | . . . Follow-up Attacks . | . . . Damage Inflicted 1609 | 90 839 680 Guns 591 | 90 400 101 Cannons 58 | . . 58 Explosions 864 | . 439 425 Melee 96 | . . 96 Ramming . | . . . Kinetic 58 | . . 58 Thermal 663 | 90 400 173 Explosive 792 | . 439 353 Electromagnetic . | . . . Impact 96 | . . 96 Slashing . | . . . Piercing . | . . . Highest Corruption . | . . . Average Corruption . | . . . Corruption Purged . | . . . Corruption Blocked . | . . . Overload Shots . | . . . Overflow Damage 33 | . 10 23 Projectiles . | . . . Explosions 14 | . 10 4 Melee 19 | . . 19 Knockbacks 1 | . . 1 Impact . | . . . Kinetic 1 | . . 1 Secondary . | . . . Self-Inflicted Damage 33 | . . 33 Shots 1 | . . 1 Rammed . | . . . Targets Rammed . | . . . Kicked . | . . . Crushed . | . . . Highest Temperature 338 | 117 338 226 Average Temperature 99 | 51 121 62 Received Heat Transfer 472 | . 243 229 Effects 2 | . . 2 Energy Bleed 2 | . . 2 Siege Activations . | . . . Martial Activations . | . . . Shielding Activations . | . . . Robots Disrupted . | . . . Combat Hostiles . | . . . Robots Corrupted . | . . . Combat Hostiles . | . . . Parts Fried . | . . . Impact Corruptions 1 | . . 1 Robots Melted . | . . . Combat Hostiles . | . . . Parts Melted 4 | . 4 . Heat Transferred 2111 | 259 1406 446 Parts Sabotaged . | . . . Parts Stolen . | . . . Parts Stripped . | . . . Power Chain Reactions . | . . . Alert | -11 -10 -10 ------- Run | Yrd Mat Min Maximum Alert Level . | . . . Low Security (%) 100 | 100 100 100 Level 1 . | . . . Level 2 . | . . . Level 3 . | . . . Level 4 . | . . . Level 5 . | . . . High Security . | . . . Max Security . | . . . Peak Influence 199 | 10 199 105 Initial . | . . . Average 65 | 1 86 36 Influence Increases 547 | 20 336 191 Destroy 0b10 Robot/C 320 | . 220 100 Destroy 0b10 Robot/NC 50 | 20 25 5 Destroy Leader 56 | . 36 20 Successful Hack 13 | . 13 . Disable Machine 15 | . . 15 Destroy Structure 93 | . 42 51 Influence Decreases 547 | 20 336 191 Time Decay 466 | 20 285 161 Lost Part 40 | . 10 30 Purge Threat 41 | . 41 . Squads Dispatched 1 | . 1 . Investigation 1 | . 1 . Extermination . | . . . Reinforcement . | . . . Assault . | . . . Garrison . | . . . Intercept . | . . . Searches Triggered . | . . . Construction Impeded . | . . . Haulers Reinforced . | . . . Active Scanning Responses . | . . . Cargo Convoy Interrupts . | . . . Stealth | -11 -10 -10 --------- Run | Yrd Mat Min Distress Signals 1 | . 1 . Communications Jammed . | . . . Distress Signals . | . . . Times Spotted 40 | . 17 23 Peak Tracking Total 20 | . 8 20 Tactical Retreats 1 | . . 1 Traps | -11 -10 -10 ------- Run | Yrd Mat Min Traps Triggered 1 | . 1 . Indirectly . | . . . Trap Hack Attempts . | . . . Triggered . | . . . Disarmed . | . . . Reprogrammed . | . . . Reused . | . . . Traps Extracted . | . . . Installed . | . . . Triggered . | . . . Machines | -11 -10 -10 ---------- Run | Yrd Mat Min Machines Disabled 1 | . . 1 Max in Single Turn 1 | . . 1 Machines Repaired . | . . . Machines Dismantled . | . . . Machines Sabotaged . | . . . Overloaded Fab Kills . | . . . Hacking | -11 -10 -10 --------- Run | Yrd Mat Min Machines Accessed 9 | . 9 . Terminals 7 | . 7 . Fabricators . | . . . Repair Stations 1 | . 1 . Recycling Units 1 | . 1 . Scanalyzers . | . . . Garrison Access . | . . . Total Hacks 21 | . 21 . Successful 9 | . 9 . Failed 12 | . 12 . Catastrophic 2 | . 2 . Database Lockouts . | . . . Manual 11 | . 11 . Terminals 15 | . 15 . Fabricators . | . . . Repair Stations 2 | . 2 . Recycling Units 4 | . 4 . Scanalyzers . | . . . Garrison Access . | . . . Terminal Hacks 5 | . 5 . Prototype ID Bank 1 | . 1 . Branch Access Points 1 | . 1 . Alert Level 1 | . 1 . Unreport Threat 1 | . 1 . Zone Layout 1 | . 1 . Fabricator Hacks . | . . . Repair Station Hacks 1 | . 1 . Scan Component 1 | . 1 . Recycling Unit Hacks 3 | . 3 . Process 1 | . 1 . Report Inventory 1 | . 1 . Retrieve Matter 1 | . 1 . Scanalyzer . | . . . Garrison Access Hacks . | . . . Unauthorized Hacks . | . . . Terminals . | . . . Fabricators . | . . . Repair Stations . | . . . Recycling Units . | . . . Scanalyzers . | . . . Garrison Access . | . . . Data Cores Recovered . | . . . Used . | . . . Hacking Detections 8 | . 8 . Full Trace Events . | . . . Feedback Events . | . . . Feedback Blocked . | . . . Robot Schematics Acquired . | . . . Robots Built . | . . . Authchips . | . . . Time . | . . . Total Robot Build Rating . | . . . Part Schematics Acquired . | . . . Parts Built . | . . . Authchips . | . . . Time . | . . . Total Part Build Rating . | . . . Parts Repaired . | . . . Time . | . . . Parts Recycled . | . . . Recycled Matter 21 | . 21 . Retrieved Matter 21 | . 21 . Retrieved Components . | . . . Parts Scanalyzed . | . . . Part Schematics Acquired . | . . . Parts Damaged . | . . . Bothacking | -11 -10 -10 ------------ Run | Yrd Mat Min Used RIF Installer . | . . . Robots Hacked . | . . . Non-combat . | . . . Combat . | . . . Robot Hacks Applied . | . . . Relay Couplers Released . | . . . Fabnet Peak Effective % . | . . . Robots Rewired . | . . . Allies Hacked . | . . . Hacks Repelled . | . . . Allies | -11 -10 -10 -------- Run | Yrd Mat Min Total Allies . | . . . Largest Group . | . . . Highest-Rated Group . | . . . Highest-Rated Ally . | . . . Total Orders . | . . . Ally Attacks . | . . . Total Damage . | . . . Kills . | . . . Allies Corrupted . | . . . Allies Melted . | . . . Intel | -11 -10 -10 ------- Run | Yrd Mat Min Active Infowar (turns) 1332 | 51 901 380 Seismic 1332 | 51 901 380 Robot Analysis Total . | . . . Derelict Logs Recovered 1 | . . 1 Drone Launches . | . . . Drone Recoveries . | . . . Exploration | -11 -10 -10 ------------- Run | Yrd Mat Min Turns Passed 1402 | 115 901 386 Spaces Moved 851 | 57 483 311 Core 4 | 4 . . Treads 536 | 53 483 . Legs . | . . . Wheels 311 | . . 311 Hover . | . . . Flight . | . . . Fastest Speed 50 | 50 160 95 Average Speed 135 | 152 160 95 Slowest Speed 160 | 160 160 110 Overloaded Moves . | . . . Propulsion Burnouts . | . . . Robots Hopped . | . . . Potential Cave-ins . | . . . Cave-ins Triggered . | . . . Exploration Rate (%) 53 | 5 90 65 Regions Visited 2 Branch Regions 1 Pre-discovered Areas 1 | . . 1 Known Exits Taken 1 | . 1 . Unknown Exits Taken 1 | 1 . . Scrap Searched 1 | . . 1 Spaces Dug . | . . . Terrain Destroyed 101 | . 41 60 Melee . | . . . Projectile 3 | . . 3 AOE 98 | . 41 57 Terrain Rammed . | . . . Walls Destroyed . | . . . Machines Disabled . | . . . Actions | -11 -10 -10 --------- Run | Yrd Mat Min Total 980 | 72 544 364 Wait 25 | . 4 21 Move 849 | 56 482 311 Hop . | . . . Pick Up 17 | 4 9 4 Fast Attach 7 | 7 . . Attach 5 | . 1 4 Detach . | . . . Swap 13 | . 8 5 Drop 6 | . 5 1 Fire 53 | 5 35 13 Melee 5 | . . 5 Ram . | . . . Kick . | . . . Crush . | . . . Escape Stasis . | . . . Rewire . | . . . Trap . | . . . Miscellaneous . | . . . Route ------- -11/Scrapyard -10/Materials (discovered 4 exits: [*Mat x3] / *Min) -10/Mines (discovered 2 exits: [*Mat x2]) History --------- Turn | Location | Event 37 | -11/Scrapyard | Discovered new exit (range 16) 116 | -11/Scrapyard | Entered Materials 267 | -10/Materials | Discovered new exit (range 13) 308 | -10/Materials | Build established: Mutant 487 | -10/Materials | Discovered new exit (range 16) 654 | -10/Materials | Discovered new exit (range 4) 971 | -10/Materials | Identified exit to Mines 1017 | -10/Materials | Entered Mines 1034 | -10/Mines | Core integrity fell below 50% 1054 | -10/Mines | Learned location of Zion (-7) 1068 | -10/Mines | Lost 4 parts (1p2n1u) 1095 | -10/Mines | A weapon hastily lodged in a ceiling crevice suddenly fell to the ground 1125 | -10/Mines | Discovered new exit (range 10) 1133 | -10/Mines | Discovered new exit (range 14) 1354 | -10/Mines | Assembled infested the area 1387 | -10/Mines | Core integrity fell below 20% 1403 | -10/Mines | Destroyed by as-18791 with Assembled Blade Last Messages --------------- 01177_ U-05 Engineer builds a Wall. 01180_ K-01 Serf collects debris. 01181_ U-05 Engineer builds a Wall. 01187_ K-01 Serf collects debris. 01190_ U-05 Engineer builds a Wall. 01191_ K-01 Serf collects debris. 01308_ K-01 Serf cleans the Core Extractor. 01354_ ALERT: Infestation in the mines, dispatching Demolisher response squad. 01356_ Searching scrap... 01356_ Found Sml. Laser. 01356_ Found 57 Matter. 01357_ Acquired 57 matter. [Achievement: Hunted] 01380_ as-47294 knocked back. 01389_ Lgt. Ion Engine destroyed. 01391_ Destroyed Asb. Hover Unit. 01391_ as-85592 system corrupted by crushing effect. 01391_ as-85592 destroyed. Map ----- +----------------------------------------------------+ | ??# ######?????# #?????????????????????? | | ??## ### ## ##????# #?????????????????????? | | ???###??## ##???# #?????????????????????? | | ?????????## ##??# #?????????????????????? | | ??????????## ## #??# ##????????????????????? | | ???????????###### #### ##???????????????????? | | ????????????????## ## ##??????????????????? | | ?????????????????## ###????????????????? | | ??????????????????## ##???????????????? | | ???????????????????## #???????????????? | | ????????????????????#### #???????????????? | | ???????????????????????## #???????????????? | | ????????????????????????# #???????????????? | | ????????????????????????# #???????????????? | | ???????????????????###### ##???????????????? | | ???????????????????# #????????????????? | | ???????????????????# """ #????????????? | | ???????????????????# ## """ #???????????? | | ?????????####++###?# ## """ #???????????? | | ???####### #?# ## ##???????????? | | ???# ###[ ## ##????????????? | | ???# ### #?????????????? | | ???????## ## #?### #?????????????? | | ????????#### ### a####?# #????????????## | | ???????????## #### aa #?? ##???????###### | | ????????????## # ##@### #??######## | | ?????????????# # ## aa #???# | | ?????????????# # ################ # ####"# | | ?????????????# # ###??????????### ### | | ????????????? #????????????# #" # | | ???????????? #????????????# " | | ??????????? #####????????????# ## " " | | ????????? ????????????????# # < " | | ??????? ? ????????????????####### # " | | ??????# ? ??????????????????????## ## " | | ??????## ?? ????????????????????????##### < # | | ???????#?????????????????????????????????# # | | ?????????????????????????????????????????# # | | ?????????????????????????????????????????# # | | ?????????????????????????????????????????# # | | ?????????????????????????????????????????# # | | ?????????????????????????????????????????# # | | ?????????????????????????????????????????######## | | ????????????????????????????????????????????????? | | | | | | | | | | | | | +----------------------------------------------------+ Best States ------------- Heat Dissipation 25 Energy Generation 10 Energy Capacity 250 Matter Stores 300 Matter Capacity 300 Sight Range 16 Terrain Scan Density 10 Evasion (%) 41 Recoil Reduction 2 Item Schematics ----------------- None Robot Schematics ------------------ None Fabricated ------------ Nothing Repaired ---------- Nothing Alien Tech Used ----------------- None Achievements -------------- Hunted Challenges ------------ None Game ------ Seed DisintegrationWaveMapper Manual? 0 Play Time 00:22:00 Cumulative 4.7 hours Start 2025.06.26 @ 21:56:30 End 2025.06.26 @ 22:46:42 Sessions 1 Manual Loads 0 Difficulty Rogue Special Mode None Game No. 22 Rogue 22 Adventurer 0 Explorer 0 Win Type - Total 0 Types 0/0/0/0/0/0/0/0/0/0 Lore% 3 Gallery% 7 Achievement% 13 Wizard Run 0 Options --------- Layout 1 ASCII 0 Keyboard 0 Movement Numpad Keybinds 0 Fullscreen 1 Font 32/SmallcapsGlow Map View 50x35 Zoom Use 0% Tactical HUD 1 Map Filters NONE Filters NONE Steam 1 RUN: 06fab75d-f432-4842-8797-3fde59022f1d